 Dungeon Crawl Stone Soup version 0.28.0-45-g0d030f2227 (webtiles) character file.

Game seed: 1570187453275447043

21 MisterFreud the Covert (level 2, -1/29 HPs)
             Began as a Gnoll Delver on May 30, 2022.
             Slain by an orc
             ... wielding a +0 club
              (3 damage)
             ... on level 3 of the Dungeon.
             The game lasted 00:02:14 (887 turns).

MisterFreud the Covert (Gnoll Delver)                Turns: 887, Time: 00:02:15

Health: -1/29      AC:  4    Str: 11    XL:     2   Next: 83%
Magic:  2/2        EV: 13    Int:  9    God:
Gold:   15         SH:  0    Dex: 13    Spells: 2/2 levels left

rFire   . . .      SeeInvis .   i - +0 rapier
rCold   . . .      Faith    .   (no shield)
rNeg    . . .      Spirit   .   b - +0 leather armour
rPois   .          Reflect  .   j - +0 helmet
rElec   .          Harm     .   (no cloak)
rCorr   .          Rampage  .   (no gloves)
Will    .....                   (no boots)
Stlth   ++++......              (no amulet)
HPRegen 0.09/turn               (no ring)
MPRegen 0.08/turn               (no ring)

@: no status effects
A: fangs 1, strong nose, distributed training
a: no special abilities


You were on level 3 of the Dungeon.
You visited 1 branch of the dungeon, and saw 5 of its levels.

You collected 15 gold pieces.

Inventory:

Hand Weapons
 a - a +0 short sword
 i - a +0 rapier (weapon)
Armour
 b - a +0 leather armour (worn)
 j - a +0 helmet (worn)
Wands
 g - a wand of digging (2)
Scrolls
 c - a scroll of fog
 e - a scroll of fear
Potions
 d - a potion of invisibility {unknown}
 f - 2 potions of haste
 h - 2 potions of curing {unknown}
 k - a potion of degeneration {unknown}


   Skills:
 + Level 6.5 Fighting
 + Level 4.5 Short Blades
 + Level 0.5 Long Blades
 + Level 0.5 Axes
 + Level 0.5 Maces & Flails
 + Level 0.5 Polearms
 + Level 0.5 Staves
 + Level 0.5 Slings
 + Level 0.5 Bows
 + Level 0.5 Crossbows
 + Level 0.5 Throwing
 + Level 0.5 Armour
 + Level 4.5 Dodging
 + Level 9.5 Stealth
 + Level 0.5 Shields
 + Level 0.5 Unarmed Combat
 + Level 0.5 Spellcasting
 + Level 0.3 Conjurations
 + Level 0.3 Hexes
 + Level 0.3 Summonings
 + Level 0.3 Necromancy
 + Level 0.3 Translocations
 + Level 0.3 Transmutations
 + Level 0.3 Fire Magic
 + Level 0.3 Ice Magic
 + Level 0.3 Air Magic
 + Level 0.3 Earth Magic
 + Level 0.3 Poison Magic
 + Level 0.6 Invocations
 + Level 0.5 Evocations


You had 2 spell levels left.
You didn't know any spells.
Your spell library contained the following spells:

 Spells                   Type           Power      Damage    Failure   Level
 Alistair's Intoxication  Tmut/Pois      0%         N/A       100%        5
 Borgnjor's Vile Clutch   Necr/Erth      0%         N/A       100%        5
 Eringya's Noxious Bog    Tmut/Pois      0%         N/A       100%        6


Dungeon Overview and Level Annotations

Branches:
Dungeon (6/15)
 Temple: D:4-7

Altars:

Annotations:
D:5 1 runed translucent door
D:6 Prince Ribbit


Innate Abilities, Weirdness & Mutations

You have very sharp teeth.
Your uncanny sense of smell can sniff out nearby items.
Your experience applies equally to all skills.


Message History

You hit the orc.
You kill the orc!
The bat barely misses you. The bat closely misses you.
A bat is nearby!
You closely miss the bat. Your bite misses the bat. The bat closely misses you.
You hit the bat.
The bat is severely wounded.
The bat hits you.
You hit the bat.
You kill the bat!
No target in view!
Things that are here:
a +3 mace; a +0 ring mail; an orc corpse
f - 2 potions of haste (gained 1)
An orc comes into view. It is wielding a +0 club.
An orc is nearby!
An orc priest comes into view. It is wielding a +0 dagger.
You start waiting.
An orc comes into view.
It is wielding a +0 whip. 2 orcs come into view.
The orc priest shouts!
The orc shouts! x3
You hit the orc.
The orc is moderately wounded.
The orc priest calls upon Beogh to heal the orc.
The orc's wounds heal themselves!
The orc barely misses you.
You hit the orc.
The orc is lightly wounded.
The orc closely misses you.
The orc priest begins to cast a cantrip, but forgets the words!
The orc priest invokes the aid of Beogh against you.
Beogh smites you! The orc hits you with a +0 whip.
The orc hits you but does no damage.
The orc priest calls down the wrath of Beogh upon you.
Beogh smites you!
* * * LOW HITPOINT WARNING * * *
There is a stone staircase leading down here.
The orc completely misses you. The orc hits you with a +0 club.
You die...

...........#
###.#.#.#######
.oo........# #.#.....# #
...........# # #...#.# #
...........# #...#.# #
...........####### #.#.# .
# #'####....o.....# ..#.#
###.# #...............#
...#.# #.#
######...?...o..# ....#.#
#.# #......oo@.#.....#.#
##.#
#......o...#.....#.####...
#..........# .......
#..........# ####...
##..........# #...
#...........# ##...
#...........# #....
##....)...#### #....
...............#### #....


You could see an orc priest and 4 orcs.

Vanquished Creatures
  A gnoll (D:3)
  3 orcs (D:3)
  A hobgoblin (D:3)
  A quokka (D:3)
  A bat (D:3)
  A rat (D:3)
8 creatures vanquished.

Notes
Turn   | Place    | Note
-------+----------+-------------------------------------------
     0 | D:5      | Reached skill level 9 in Stealth
     0 | D:5      | MisterFreud the Gnoll Delver began the quest for the Orb.
     0 | D:5      | Reached XP level 1. HP: 23/23 MP: 1/1
    34 | D:5      | Found a runed translucent door.
    34 | D:5      | Noticed a killer bee
    34 | D:5      | Noticed a killer bee
    63 | D:6      | Noticed Prince Ribbit
    76 | D:5      | Noticed a killer bee
    80 | D:5      | Noticed a killer bee
    81 | D:5      | Noticed a killer bee
   107 | D:5      | Noticed an ogre
   142 | D:4      | Noticed a jelly
   456 | D:3      | Reached XP level 2. HP: 13/29 MP: 2/2
   887 | D:3      | Slain by an orc

Illustrated notes

Levels and vault maps discovered:
D:2:      layout_basic
D:3:      layout_basic, uniq_natasha, uniq_robin
D:4:      layout_loops_ring, pf_guarded_unrand_delatra
D:5:      cheibrodos_two_vegetables, layout_basic,
          ashenzari_conservatory_becter, ebering_ghost_sewer_f,
          minmay_misc_feat_columns
D:6:      kennysheep_windowed_halls, layout_rooms,
          minmay_temple_entry_proselytizer, gup_sewer_entry_bowl,
          uniq_prince_ribbit1

Skill      XL: | |
---------------+-+-----
Stealth        | |  9.5
Fighting       | |  6.5
Short Blades   | |  4.5
Long Blades    | |  0.5
Axes           | |  0.5
Maces & Flails | |  0.5
Polearms       | |  0.5
Staves         | |  0.5
Slings         | |  0.5
Bows           | |  0.5
Crossbows      | |  0.5
Throwing       | |  0.5
Armour         | |  0.5
Dodging        | |  4.5
Shields        | |  0.5
Unarmed Combat | |  0.5
Spellcasting   | |  0.5
Conjurations   | |  0.3
Hexes          | |  0.3
Summonings     | |  0.3
Necromancy     | |  0.3
Translocations | |  0.3
Transmutations | |  0.3
Fire Magic     | |  0.3
Ice Magic      | |  0.3
Air Magic      | |  0.3
Earth Magic    | |  0.3
Poison Magic   | |  0.3
Invocations    | |  0.6
Evocations     | |  0.5

Action                   || total
-------------------------++-------
Melee: Rapier            ||    38
       Bite              ||     2
Evoke: Wand              ||     1
  Use: Scroll            ||     1
Armor: Leather armour    ||     7
Dodge: Dodged            ||    26
